[Event "Indian Blitz Championship 2023"]
[Site "Nashik"]
[Date "2024.03.07"]
[Round "2.2"]
[White "Arindam, Mukherjee"]
[Black "Mitrabha, Guha"]
[Result "0-1"]
[ECO "A49"]
[WhiteElo "1990"]
[BlackElo "2526"]
[Annotator "TA"]
[PlyCount "98"]
[EventDate "2024.03.07"]
[EventType "blitz"]
[EventCountry "IND"]
[SourceTitle "playchess.com"]
[Source "ChessBase"]
[SourceQuality "1"]
[TimeControl "180+2"]

1. d4 Nf6 2. Nf3 b6 3. g3 Bb7 4. Bg2 c5 5. c3 g6 6. O-O Bg7 7. Ne5 Bxg2 8. Kxg2 O-O 9. a4 {[%emt 0:00:15] The position is equal.} d6 (9... Qc8 {is interesting.} 10. Bg5 Ne4 11. Bf4 d6) 10. Nf3 Nbd7 11. Qd3 Qc7 12. e4 Qb7 13. d5 a6 14. h3 b5 15. Bg5 c4 16. Qe2 Nc5 17. Bxf6 (17. Nbd2 $142) 17... Bxf6 ({Black should try} 17... exf6 18. Nbd2 f5 (18... bxa4 19. Nxc4 Rad8 20. Qc2 $11) 19. axb5 axb5 20. exf5 Rae8 (20... Qxd5 21. Rxa8 Rxa8 22. fxg6 $17) (20... gxf5 21. Nh4 $17)) 18. Nbd2 $17 Nxa4 {[%emt 0:00:05] Black is more active.} (18... Rfc8 $17 19. axb5 axb5) 19. Nxc4 $1 $15 Nxc3 20. bxc3 bxc4 21. Rfb1 Qc7 22. Ra4 Rfc8 23. Rbb4 a5 $36 {[%emt 0:00:11][%mdl 2048] Black is more active.} 24. Rxc4 Qb6 25. e5 (25. Rxc8+ $15 Rxc8 26. c4) 25... dxe5 26. Nxe5 Rxc4 (26... Qd6 $17 27. Ng4 Qxd5+ 28. Qe4 Qxe4+ 29. Rxe4 Rxc3 (29... Bxc3 30. Rxe7 Kg7 31. Rf4 $17) 30. Nxf6+ exf6) 27. Rxc4 $2 (27. Nd7 $11 Qb5 28. Nxf6+ Kg7 29. Rxc4 (29. Qxc4 Qxc4 $15) 29... exf6 30. Qe4) 27... Qd6 $19 28. Ng4 Qxd5+ 29. Kh2 Bg7 30. Rf4 h5 (30... Bxc3 $2 31. Nh6+ Kh8 (31... Kg7 $2 32. Rxf7+ Kxh6 33. Qxe7 $18) 32. Nxf7+ (32. Qxe7 f5 $11) 32... Kg8 33. Qxe7 $18) 31. c4 $2 (31. Ne3 Qb7 32. Qc2) 31... Qe6 32. Ne3 a4 {[%emt 0:00:02] [#] Threatens to win with ...a3.} 33. Qa2 (33. Qf3 Ra5 34. Qd1) 33... Bh6 34. Rf3 Bxe3 $2 (34... Qe4 35. Kg2 Bxe3 36. fxe3 Rb8) 35. Rxe3 {[%emt 0:00:01][%mdl 4096] Endgame. KQR-KQR} Qd6 36. Rc3 Qc5 37. Kg2 a3 38. h4 Kh7 39. Rc2 Qc6+ 40. Kh2 Qc5 $2 ({Black should play} 40... Rd8 $19 {...Rd1 would now be deadly.} 41. c5 Qf3) 41. Rc3 $2 (41. Kg2 $1 $11 {and White stays safe.} Rd8 42. Qb3) 41... e5 42. Rc2 $2 (42. Rd3) 42... e4 43. Rc3 Ra7 44. Re3 f5 45. Re2 Rb7 {[%emt 0:00:02][%cal Of5f4] [#] Repels Qb3. ...f4! is the strong threat.} 46. Rd2 $2 (46. Kg2) 46... e3 47. fxe3 Qxe3 48. Rg2 Qc3 (48... f4 $142 49. c5 Rb3 (49... Qxc5 $2 50. gxf4 Qc1 51. Qf2 $19) 50. gxf4 Qxf4+ 51. Kg1 Rc3 52. Qd2 Rc1+ (52... Qxh4 $2 {loses.} 53. Qxc3 Qf4 54. Qxa3 $18) 53. Qxc1 Qxc1+ 54. Kh2 Qf4+ (54... Qxc5 {gets mated.} 55. Kg3 Qe3+ 56. Kh2 Qf4+ 57. Kh3 Qc4 58. Rg3 Qf1+ 59. Kh2 a2 60. Ra3 a1=R 61. Rxa1 Qxa1 62. Kg2 Qe1 63. Kf3 g5 64. hxg5 Kg6 65. Kg2 h4 66. Kf3 Kxg5 67. Kg2 Qe2+ 68. Kg1 h3 69. Kh1 Qg2#) 55. Kh1 Qxh4+ 56. Kg1 Qc4 57. Kf2 a2 (57... Qxc5+ {is a self mate.} 58. Kg3 Qe5+ 59. Kf3 Qd5+ 60. Kf2 a2 61. Rg1 Qd4+ 62. Kg2 h4 63. Rf1 a1=Q 64. Rxa1 Qxa1 65. Kf2 Qe5 66. Kf3 Qe1 67. Kf4 Qe2 68. Kg5 Qf2 69. Kg4 Qg3#) 58. Rg1 Qxc5+ 59. Kg2 Qxg1+ 60. Kxg1 a1=Q+ (60... a1=B 61. Kh1 Be5 62. Kg1 g5 63. Kh1 h4 64. Kg1 g4 65. Kg2 h3+ 66. Kf2 g3+ 67. Kf1 g2+ 68. Kf2 Kg6 69. Ke3 g1=Q+ 70. Ke4 Qd4+ 71. Kf3 Qd3+ 72. Kf2 Bg3+ 73. Kg1 Qd1#) 61. Kf2 Qc3 62. Kg2 h4 (62... Qd2+ 63. Kf3 Qd3+ 64. Kf4 Qe2 65. Kg3 Kg7 66. Kh3 h4 67. Kxh4 Qf3 68. Kg5 Qg3#) 63. Kf2 h3 64. Ke2 h2 65. Kf2 h1=Q 66. Ke2 Qhf3#) 49. Rc2 Rb2 {[%emt 0:00:04] Weighted Error Value: White=0.97/Black=0.54.  Loses game:     	White=2     	---        Missed win:     	---       	Black=1      Mistake:       	White=6     	Black=3      Inaccurate:     	White=4     	Black=4      OK:         	White=7     	Black=12     Best:        	White=3     	Black=4      Strong:       	White=1     	---} 0-1

[Event "Indian Blitz Championship 2023"]
[Site "Nashik"]
[Date "2024.03.07"]
[Round "2.3"]
[White "Karthik Venkataraman"]
[Black "Gaurav Rajesh Zagade"]
[Result "1-0"]
[ECO "A24"]
[WhiteElo "2609"]
[BlackElo "2124"]
[Annotator "TA"]
[PlyCount "77"]
[EventDate "2024.03.07"]
[EventType "blitz"]
[EventCountry "IND"]
[SourceTitle "playchess.com"]
[Source "ChessBase"]
[SourceQuality "1"]
[TimeControl "180+2"]

1. d3 Nf6 2. Nf3 g6 3. g3 Bg7 4. Bg2 d6 5. O-O O-O 6. c4 e5 7. Nc3 Re8 8. Rb1 a5 9. a3 c6 10. b4 axb4 11. axb4 h6 12. e4 d5 13. Qc2 d4 14. Nd1 {[%emt 0:00:19] The position is equal.} b5 15. Nd2 Nbd7 16. f4 Ng4 17. Nf3 ({Better is} 17. f5 $14) 17... exf4 18. gxf4 bxc4 19. Qxc4 Ba6 20. Qc2 Qb6 (20... Bb5 $15) 21. h3 Ne3 22. Nxe3 dxe3 23. Re1 e2+ 24. Kh2 Rab8 25. Rxe2 c5 26. Be3 Qc7 (26... Qb5 $11 {keeps the balance.} 27. Rd2 Rec8 (27... cxb4 28. Nd4 $11)) 27. bxc5 (27. Bxc5 $2 Qxf4+ 28. Kh1 Rec8 $17) (27. Ree1 $16) 27... Rxb1 $14 28. Qxb1 Nxc5 (28... Rxe4 $1 $14 29. c6 Rxe3 (29... Qxc6 $2 {too greedy.} 30. Ng1 $18) 30. Rxe3 Qxf4+ (30... Qxc6 31. Re8+ Nf8 32. Qb8 $16) 31. Kh1 Qxe3 32. cxd7 Bf6) 29. Qc1 (29. Rc2 $16 Qb7 30. Qxb7 Nxb7 31. Ne1) 29... Bxd3 {[%emt 0:00:03] Loses the game.} (29... Ne6 $1 $14) 30. Rd2 $36 {[%emt 0:00:01][%mdl 2048] Black is under strong pressure.} Bxe4 31. Qxc5 Qxc5 32. Bxc5 Bxf3 (32... Bb1 {is a better defense.} 33. Bd6 Re6) 33. Bxf3 Rc8 34. Bb6 Rc3 (34... Bf6 {keeps fighting.} 35. Rd7 Rc2+ 36. Kh1 Kf8) 35. Kg2 {[%emt 0:00:03] Threatens to win with Rd8+.} Rc4 36. Be3 Rc3 37. Bf2 {[%emt 0:00:12] Hoping for Rd8+.} h5 $2 {[%emt 0:00:02] [#]} (37... Rc7 38. Rd8+ Kh7) 38. Rd7 Bh6 (38... Rc2 $142 39. Bd5 Bd4 40. Bxf7+ Kf8 41. Rxd4 Kxf7) 39. Bd5 {[%emt 0:00:06] Weighted Error Value: White=0.28 (precise) /Black=0.48.  Mistake:       	White=3     	Black=8      Inaccurate:     	White=3     	Black=1      OK:         	White=7     	Black=3      Best:        	White=2     	Black=2} 1-0

[Event "Indian Blitz Championship 2023"]
[Site "Nashik"]
[Date "2024.03.07"]
[Round "2.4"]
[White "Nagare Akhilesh"]
[Black "Ravi, Teja S."]
[Result "0-1"]
[ECO "A12"]
[WhiteElo "2082"]
[BlackElo "2437"]
[Annotator "TA"]
[PlyCount "108"]
[EventDate "2024.03.07"]
[EventType "blitz"]
[EventCountry "IND"]
[SourceTitle "playchess.com"]
[Source "ChessBase"]
[SourceQuality "1"]
[TimeControl "180+2"]

1. c4 c6 2. Nf3 d5 3. b3 Nf6 4. Bb2 Bg4 5. d3 Nbd7 6. Nbd2 e6 7. g3 Bc5 8. Bg2 O-O 9. O-O Qe7 10. a3 a5 11. Ra2 Rfc8 12. Qa1 Qd8 13. Rb1 {[%emt 0:00:29] The position is equal.} h6 14. Bd4 Bxd4 15. Qxd4 Qb6 (15... Qc7 $142) 16. Qc3 (16. Qxb6 {simplifies} Nxb6 17. h3 Bxf3 18. Bxf3 Nbd7 19. Rc2) 16... Bf5 17. Ne5 (17. Raa1 $11) 17... Nxe5 $17 {[%emt 0:00:02] Black keeps a firm grip on the game.} 18. Qxe5 {[%emt 0:00:00] [#]} Qxf2+ $1 19. Kxf2 Ng4+ 20. Ke1 Nxe5 21. h3 Rc7 22. g4 Bh7 23. Rba1 Ng6 {[%emt 0:00:10] Black has more active pieces.} 24. b4 Nf4 25. Kf2 e5 26. Bf1 Re7 27. e3 (27. bxa5 $17 {was necessary.} Rxa5 28. Rb2) 27... Nxd3+ $19 28. Bxd3 Bxd3 29. cxd5 cxd5 30. bxa5 Rxa5 31. Rb2 Rc7 32. Ke1 b5 33. Nb3 Ra8 34. Kd2 Be4 35. Nc1 Rac8 36. Ne2 Rc2+ 37. Rxc2 Rxc2+ {[%emt 0:00:00][%mdl 4096] Endgame. KRB-KRN} 38. Ke1 Bd3 39. Ng1 (39. Nc1 $142 Bc4 40. g5) 39... e4 {[%emt 0:00:04] [#] ...Rg2 is the strong threat.} 40. h4 Rh2 {[%emt 0:00:03] And now ...d4 would win.} 41. Rc1 Rxh4 {[%emt 0:00:03][%cal Oh4h2] White must now prevent ...Rh2!} 42. Rc8+ Kh7 43. Rd8 Rxg4 44. Kf2 Bc4 45. Rd7 f5 {[%emt 0:00:04] aiming for ...f4.} 46. Nh3 Rh4 47. Kg3 Rg4+ 48. Kf2 $1 h5 49. Nf4 h4 50. Ne6 h3 51. Nf8+ Kg8 52. Rd8 h2 (52... Rg2+ $142 53. Ke1 h2 54. Ng6+ Kh7 55. Rh8+ Kxg6 56. Kd1 Be2+ 57. Kc2 Bh5+ 58. Kc3 h1=Q (58... h1=B $2 59. Rd8 $19) 59. Re8 Qc1+ 60. Kb4 Qc7 (60... Qxe3 {gets mated.} 61. Re6+ Kf7 62. Rc6 Rb2+ 63. Ka5 Qa7+ 64. Ra6 Qc7+ 65. Rb6 Ra2 66. Ka6 Rxa3+ 67. Kxb5 Qc4#) (60... Rb2+ 61. Ka5 Qc7+ 62. Ka6 Be2 63. Re6+ Kg5 64. Rb6 b4+ 65. Rb5 Ra2 66. a4 Rxa4#) 61. Re6+ Kg5 (61... Kf7 62. Rc6 Qxc6 63. Ka5 Rg6 64. Kb4 Qc4+ 65. Ka5 Qa4#) 62. Rc6 Qxc6 63. Ka5 Qd6 64. a4 Rb2 65. axb5 Ra2#) 53. Ne6+ Kf7 54. Nf4 Rxf4+ {[%emt 0:00:02] Weighted Error Value: White=0.48/Black=0.24 (precise) .  Mistake:       	White=3     	Black=1      Inaccurate:     	White=2     	Black=1      OK:         	White=5     	Black=9      Best:        	White=1     	Black=3      Strong:       	White=1     	---        Brilliant:      	---       	Black=1} 0-1

[Event "Indian Blitz Championship 2023"]
[Site "Nashik"]
[Date "2024.03.07"]
[Round "2.5"]
[White "Aronyak Ghosh"]
[Black "Lad Mandar Pradip"]
[Result "1/2-1/2"]
[ECO "D02"]
[WhiteElo "2517"]
[BlackElo "2258"]
[Annotator "RC"]
[PlyCount "132"]
[EventDate "2024.03.07"]
[EventType "blitz"]
[EventCountry "IND"]
[SourceTitle "playchess.com"]
[Source "ChessBase"]
[SourceQuality "1"]
[TimeControl "180+2"]

1. Nf3 d5 2. g3 Nc6 3. d4 Bf5 4. Bg2 e6 5. O-O Nb4 6. Na3 Nf6 7. Ne5 Be7 8. c3 Nc6 9. Qa4 Bd6 10. Nxc6 Qd7 11. Nb5 bxc6 12. Nxd6+ cxd6 13. Bf4 O-O 14. Rfc1 Rfc8 15. c4 Be4 16. f3 Bg6 17. Qa3 dxc4 18. Qxd6 Qb7 19. Qa3 Nd5 20. Bd6 Nb6 21. e4 Rd8 22. Bc5 h6 23. Bf1 Rd7 24. Bxc4 Nxc4 25. Rxc4 a5 26. Rac1 f5 27. e5 f4 28. g4 Qb5 29. Qb3 Rb8 30. Qxb5 cxb5 31. R4c3 b4 32. Rc4 Bd3 33. Bd6 Bxc4 34. Rxc4 Rb5 35. Kf2 Rd5 36. Ke2 R7xd6 37. exd6 Rxd6 38. Kd3 e5 39. Ke4 exd4 40. Rxd4 Re6+ 41. Kxf4 Re2 42. a3 Rxb2 43. Rd8+ Kh7 44. axb4 axb4 45. h4 Rb1 46. Rb8 b3 47. Kf5 b2 48. f4 Rc1 49. Rxb2 Rc5+ 50. Ke4 Rc4+ 51. Ke5 Rc5+ 52. Kd4 Ra5 53. Rc2 Ra3 54. Ke4 Rg3 55. g5 hxg5 56. hxg5 Kg6 57. Rc6+ Kh5 58. Kf5 Ra3 59. Re6 Ra5+ 60. Re5 Ra6 61. Rd5 Rb6 62. Rd7 g6+ 63. Ke5 Kg4 64. Rf7 Rb5+ 65. Kf6 Kxf4 66. Kxg6+ Kg4 1/2-1/2

[Event "Indian Blitz Championship 2023"]
[Site "Nashik"]
[Date "2024.03.07"]
[Round "2.6"]
[White "Swati Ghate"]
[Black "Raja Rithvik R"]
[Result "0-1"]
[ECO "B92"]
[WhiteElo "2012"]
[BlackElo "2532"]
[Annotator "TA"]
[PlyCount "84"]
[EventDate "2024.03.07"]
[EventType "blitz"]
[EventCountry "IND"]
[SourceTitle "playchess.com"]
[Source "ChessBase"]
[SourceQuality "1"]
[TimeControl "180+2"]

1. e4 c5 2. Nf3 d6 3. d4 cxd4 4. Nxd4 Nf6 5. Nc3 a6 6. Be2 e5 7. Nf3 Be7 8. Bg5 Be6 9. a4 Nbd7 10. Nd2 Rc8 {[%emt 0:00:06] Die Stellung ist ausgeglichen.} 11. Bf3 O-O 12. Nf1 Qa5 13. Ne3 (13. Bd2 $5) 13... Rxc3 14. bxc3 Qxc3+ 15. Kf1 Nc5 16. Bxf6 Bxf6 17. h4 Qb4 18. Nd5 (18. Rb1 $11 Qxa4 19. Qxd6) 18... Qc4+ $15 19. Qe2 Qxe2+ (19... Bxd5 $17 20. exd5 Qd4) 20. Kxe2 {[%emt 0:00:03] Verliert die Partie.} (20. Bxe2 $15 Nxe4 21. Nxf6+ gxf6 22. Bd3) 20... Bxd5 $19 21. exd5 e4 22. Bg4 Bxa1 23. Rxa1 {[%emt 0:00:02][%mdl 4096] Endspiel. KRB-KRN} f5 24. Bh3 g6 25. g3 (25. a5 $17) 25... Kg7 26. a5 Kf6 27. Ke3 Ke5 28. c4 $2 (28. f4+ {war einen Versuch wert.} exf3 29. Kxf3) 28... f4+ 29. gxf4+ Rxf4 {[%emt 0:00:02] [#] Und ...Rf3+ würde nun gewinnen.} 30. Bc8 (30. Bg2 {war nötig.}) 30... Rxh4 {[%emt 0:00:14] Zielt auf ...Rf4 ab.} 31. Rb1 $2 (31. Rg1) 31... Rf4 32. Bxb7 Rf3+ 33. Ke2 Ra3 34. Bc6 Rxa5 35. Rb8 Kd4 36. Rd8 Ra2+ 37. Kf1 Nd3 (37... Kxc4 38. Rxd6 Nd3 39. Rf6 $11) 38. Rxd6 Rxf2+ 39. Kg1 e3 40. Re6 {[%emt 0:00:01] Verhindert Ne5} e2 {[%emt 0:00:06] [#] ( -> ...Rf1+)} ({Weniger gut wäre} 40... Kxc4 41. Rxe3 Rd2 42. Re7 $17) 41. d6 Rf1+ ({Schwächer ist} 41... e1=R+ 42. Rxe1 Nxe1 43. Kxf2 Nd3+ 44. Ke2 $17) 42. Kg2 Nf4+ {[%emt 0:00:02] Gewichteter Fehlerwert: Weiß=0.73/Schwarz=0.15 (sehr präzise) .  Fehler:       	Weiß=6     	Schwarz=1     Ungenau:       	Weiß=2     	Schwarz=3     OK:         	Weiß=6     	Schwarz=8     Bester:       	---       	Schwarz=3} 0-1

[Event "Indian Blitz Championship 2023"]
[Site "Nashik"]
[Date "2024.03.07"]
[Round "2.7"]
[White "Laxman, R.R."]
[Black "Apoorv Kamble"]
[Result "0-1"]
[ECO "D11"]
[WhiteElo "2331"]
[BlackElo "2369"]
[Annotator "TA"]
[PlyCount "95"]
[EventDate "2024.03.07"]
[EventType "blitz"]
[EventCountry "IND"]
[SourceTitle "playchess.com"]
[Source "ChessBase"]
[SourceQuality "1"]
[TimeControl "180+2"]

1. d4 Nf6 2. Nf3 d5 3. c4 c6 4. e3 a6 5. Nbd2 g6 6. Be2 Bg7 7. O-O O-O 8. b4 Nbd7 9. Bb2 b5 10. c5 Qc7 {[%emt 0:00:17] White is better.} 11. a4 Bb7 12. Nb3 Ne4 13. Qc2 f5 14. Bd3 h6 (14... e6 $142) 15. Na5 Rae8 16. Rfc1 (16. Nh4 $18) 16... Bc8 17. axb5 axb5 18. Nb3 Bb7 19. Na5 (19. Be2 $16) 19... Ba8 (19... Bc8 $11) 20. Nb3 Bb7 $1 21. g3 Ra8 22. Rxa8 Rxa8 23. Nh4 Kh7 24. f3 Ng5 (24... Nxg3 $2 25. Qg2 $18 (25. hxg3 Qxg3+ 26. Ng2 Bc8 $18)) 25. f4 Ne4 26. g4 e6 27. Qg2 {[%emt 0:00:15] Black must now prevent gxf5.} Rg8 (27... Ndf6 $14) 28. Kh1 (28. gxf5 $16 gxf5 29. Qg6+ Kh8 30. Qf7 (30. Qxe6 $2 Nf8 $19)) 28... Bf6 29. Nf3 Qd8 30. h3 Be7 31. Na5 Ba8 32. Rg1 Rg7 (32... Qe8 $14) 33. gxf5 $16 exf5 34. Ne5 Nxe5 35. dxe5 Rg8 (35... Bxc5 $2 36. bxc5 Qg8 37. Nb3 $18) 36. Bd4 Bh4 37. Bxe4 dxe4 38. Qa2 Qe7 39. Nb3 (39. Bc3 $16) 39... Bb7 $11 40. Na5 (40. Bc3 $11) 40... Ba8 $1 $16 41. Nb3 (41. e6 $16) 41... Bb7 $11 42. Rd1 (42. Bc3 $11 {keeps the balance.}) 42... Rd8 $2 {[%emt 0:00:02] [#]} (42... Bc8 $17 {keeps the pressure on.} 43. Nc1 g5 (43... Be6 $2 44. Qd2 $19)) 43. Na5 $1 $16 Ba8 44. Rd2 (44. Rf1 $16) 44... Be1 $11 45. Rb2 Rd5 (45... g5 $11 46. Rb1 Bg3) 46. Qb3 (46. Qa1 $14 Rxd4 (46... Qh4 47. Rg2 $14) 47. Qxe1 (47. exd4 Bc3 $11)) 46... Qh4 {[%emt 0:00:04][%cal Oe1f2] ...Bf2! would now be deadly.} 47. Rh2 {[%emt 0:00:02][%mdl 8192] [#] White is weak on the light squares} (47. Rg2 $11 {and White is okay.}) 47... Qg3 $2 ({Better is} 47... Bd2 $1 $19 {Hoping for ...Qe1+.} 48. Qb1 Rxd4 49. exd4 Bxf4) 48. Qc2 {[%emt 0:00:07] Never resign too early!   Weighted Error Value: White=0.42/Black=0.35.  Loses game:     	White=1     	---        Missed win:     	---       	Black=1      Mistake:       	White=10    	Black=6      Inaccurate:     	White=4     	Black=6      OK:         	White=13    	Black=9      Best:        	---       	Black=3      Strong:       	White=1     	Black=2} (48. e6 $11 Qf3+ (48... Rxd4 49. exd4 Bc3 50. Qd1 $11) 49. Kg1 Rxd4 50. exd4) 0-1

[Event "Indian Blitz Championship 2023"]
[Site "Nashik"]
[Date "2024.03.07"]
[Round "2.8"]
[White "Chitre Arush"]
[Black "Raahul V S"]
[Result "1-0"]
[ECO "D02"]
[WhiteElo "2210"]
[BlackElo "2314"]
[Annotator "RC"]
[PlyCount "155"]
[EventDate "2024.03.07"]
[EventType "blitz"]
[EventCountry "IND"]
[SourceTitle "playchess.com"]
[Source "ChessBase"]
[SourceQuality "1"]
[TimeControl "180+2"]

1. d4 d5 2. Nf3 Nf6 3. Bf4 c5 4. e3 Nc6 5. c3 Qb6 6. Qc2 g6 7. Nbd2 Bf5 8. dxc5 Qxc5 9. Qb3 Qb6 10. Qxb6 axb6 11. Bb5 Bg7 12. Nd4 Bd7 13. O-O O-O 14. N2f3 Rfc8 15. Rfd1 Ne4 16. Bg3 Nc5 17. Nc2 Bf5 18. Nfd4 e6 19. Nxf5 gxf5 20. a3 Nb3 21. Rab1 Nca5 22. Na1 Nxa1 23. Rxa1 Nc4 24. Bxc4 Rxc4 25. Kf1 Kf8 26. Ke2 Ke7 27. Kd2 b5 28. Rac1 Bf6 29. Ke2 Rg8 30. Rg1 h5 31. f4 Kd6 32. Bf2 h4 33. g3 h3 34. Rgd1 Ra8 35. Rd2 Rac8 36. Kf3 R4c7 37. Rcd1 Rg8 38. Rb1 Kc6 39. Rbd1 Be7 40. Rb1 Bc5 41. Rbd1 Rcc8 42. Ra1 Ra8 43. Rad1 Ra4 44. Rd3 Re4 45. R3d2 Bb6 46. Rd3 Kc5 47. Rd4 Kc6 48. R4d3 Bc5 49. R3d2 Kb6 50. Rd3 Ka6 51. R3d2 Bb6 52. Rd3 Ka5 53. R3d2 Ka4 54. Rd3 Rc4 55. R1d2 Kb3 56. Re2 f6 57. Red2 Rd8 58. g4 fxg4+ 59. Kxg4 Rg8+ 60. Kxh3 Rc7 61. Bg3 Rh7+ 62. Kg2 Kc4 63. Kf3 Rf8 64. e4 dxe4+ 65. Kxe4 f5+ 66. Kf3 Rhf7 67. Rd6 e5 68. Rxb6 e4+ 69. Ke3 Kc5 70. Rbd6 Ra8 71. R6d5+ Kc6 72. R5d4 Rh8 73. c4 Rg7 74. cxb5+ Kb6 75. Rd6+ Ka7 76. b6+ Ka6 77. R6d5 Rh5 78. R2d4 1-0

[Event "Indian Blitz Championship 2023"]
[Site "Nashik"]
[Date "2024.03.07"]
[Round "2.9"]
[White "Prraneeth Vuppala"]
[Black "Patil Harshal"]
[Result "1/2-1/2"]
[ECO "A07"]
[WhiteElo "2506"]
[BlackElo "2094"]
[Annotator "RC"]
[PlyCount "105"]
[EventDate "2024.03.07"]
[EventType "blitz"]
[EventCountry "IND"]
[SourceTitle "playchess.com"]
[Source "ChessBase"]
[SourceQuality "1"]
[TimeControl "180+2"]

1. Nf3 d5 2. g3 Nf6 3. Bg2 Bf5 4. O-O e6 5. d3 c6 6. Nbd2 Be7 7. Qe1 h6 8. e4 Bh7 9. b3 O-O 10. Bb2 a5 11. Ne5 Nbd7 12. Nxd7 Nxd7 13. a4 Bf6 14. e5 Be7 15. f4 b5 16. Nf3 bxa4 17. Rxa4 Nc5 18. Ra1 a4 19. b4 Nd7 20. Kh1 Qb6 21. Ba3 c5 22. bxc5 Bxc5 23. Rb1 Qc6 24. Bxc5 Qxc5 25. Qd2 Rfc8 26. Rfc1 a3 27. c3 Rab8 28. Rxb8 Rxb8 29. Ra1 Rb2 30. Qc1 Bxd3 31. Nd4 Nb6 32. f5 exf5 33. e6 fxe6 34. Nxe6 Qf2 35. Nf4 Be4 36. Qg1 Qxg1+ 37. Kxg1 Bxg2 38. Nxg2 Na4 39. Rxa3 Nc5 40. Nf4 Rd2 41. Ra5 Ne4 42. Nxd5 Ng5 43. Ne7+ Kf7 44. Nxf5 Nf3+ 45. Kf1 Nxh2+ 46. Ke1 Nf3+ 47. Kf1 Kf6 48. Ne3 Nh2+ 49. Ke1 Nf3+ 50. Kf1 Nh2+ 51. Ke1 Nf3+ 52. Kf1 Nh2+ 53. Ke1 1/2-1/2

[Event "Indian Blitz Championship 2023"]
[Site "Nashik"]
[Date "2024.03.07"]
[Round "2.10"]
[White "Pradip, Ghosh"]
[Black "Kushagra Mohan"]
[Result "0-1"]
[ECO "B11"]
[WhiteElo "1986"]
[BlackElo "2351"]
[Annotator "TA"]
[PlyCount "62"]
[EventDate "2024.03.07"]
[EventType "blitz"]
[EventCountry "IND"]
[SourceTitle "playchess.com"]
[Source "ChessBase"]
[SourceQuality "1"]
[TimeControl "180+2"]

1. e4 c6 2. Nf3 d5 3. Nc3 dxe4 4. Nxe4 Nf6 5. Qe2 Nxe4 6. Qxe4 Qa5 7. Bc4 Bf5 8. Qe2 Nd7 {[%emt 0:00:11] The position is equal.} 9. O-O e6 10. d4 Bd6 11. Re1 (11. Nh4 $14 O-O 12. Bd2) 11... O-O-O 12. Bg5 Rde8 13. Ne5 (13. h3 $14) 13... Nxe5 14. dxe5 Be7 15. Bd2 Qb6 16. Be3 Bc5 17. Bxc5 Qxc5 {[%emt 0:00:00] [#]} 18. b4 Qxb4 $17 19. Rab1 Qa5 20. Rb2 Rd8 21. Reb1 {[%emt 0:00:01] [#]} b6 (21... Rd2 22. Qf3 Rd7 (22... Rxc2 $2 23. Rxb7 $18) (22... Bxc2 23. Qxf7 b5 24. Qxe6+ Kc7 25. Bxb5 $16) 23. Qxc6+ Qc7 (23... bxc6 24. Rb8+ Kc7 25. R1b7#) (23... Rc7 $2 24. Qf3 $18) 24. Qa4 $11) 22. a4 (22. Qf3 {was necessary.} Qc5 (22... Qxe5 23. Qxc6+ Qc7 24. Ba6+ Kb8 25. Rxb6+ axb6 26. Rxb6+) 23. Bd3) 22... Rd2 $19 (22... Qxa4 $2 23. Ra2 $18) 23. Qf3 Kc7 (23... Qxe5 24. Qxc6+ Kd8 (24... Kb8 25. Rxb6+ axb6 26. Rxb6+ Ka7 27. Qb7#) 25. Qa8+ Ke7 26. Qxa7+ (26. Qxh8 Rd8 $15) 26... Kf6 27. Qxb6 $11 (27. Rxb6 Qd4 $15)) (23... Qxa4 $2 24. Rb4 Qa5 (24... Qxc2 $2 25. Rxb6 Qxb1+ 26. Rxb1 $18) 25. Qxc6+ Kd8 (25... Kb8 $2 26. Rxb6+ axb6 27. Rxb6+ $18) 26. Rb5 $18 (26. Qa8+ Ke7 $18)) (23... Bxc2 $2 24. Qxc6+ Kd8 25. Bb5 (25. Qa8+ Ke7 $16) 25... Bxb1 26. Rxb1 $18) (23... Kb7 $19 {[%cal Oh8d8] is more deadly. Strongly threatening ...Rhd8!} 24. g4 Bg6 (24... Bxc2 25. Rb5 $11) (24... Qxa4 $2 25. Qf4 $18)) 24. h4 $2 {[%emt 0:00:06][%mdl 8192] This costs White the game.} (24. Bb5 $17 Rc8 (24... cxb5 25. Rxb5 $14) 25. g4) 24... Rhd8 (24... Bxc2 25. Rc1 Bxa4 (25... Qxe5 $2 26. Rbxc2 Rxc2 27. Qxf7+ Kb8 28. Rxc2 $18) 26. Qxf7+ Rd7 (26... Kb8 $2 27. Rxd2 b5 28. Qxg7 $18) 27. Qxe6 $11) (24... Qxe5 25. a5 Rb8 (25... Rxc2 $2 26. axb6+ axb6 27. Rxb6 $18) (25... Bxc2 $2 26. Rxc2 Rxc2 27. Qxf7+ Kd6 28. Rd1+ Kc5 29. Bd3 $18) (25... Qxa5 $2 26. Ra2 $18) (25... bxa5 $2 26. Rb7+ Kd8 27. Qa3 $18) 26. Bf1 $17) (24... Qxa4 25. Ra2 $18) 25. g4 (25. Bf1 $142) 25... R8d4 {[%emt 0:00:15] Active counter play!} (25... Qxa4 26. Ra2 (26. Rb4 Rd1+ 27. Kh2 Qxc2 $17) 26... Qxc4 27. Rxa7+ Kb8 28. Rxf7 $11) 26. gxf5 Rxc4 27. fxe6 fxe6 (27... Rdxc2 $2 {loses.} 28. Rxc2 (28. exf7 R2c3 $18) (28. Qxf7+ Kb8 $18) 28... fxe6 29. Rxc4 $18) 28. Qf7+ Rd7 29. Qxe6 Rxh4 30. Rb3 Qd5 31. Qf5 $2 (31. Qxd5 $19 Rxd5 32. Re1) 31... Qh1# {[%emt 0:00:10] Weighted Error Value: White=0.67/Black=0.37.  Loses game:     	White=1     	---        Missed win:     	---       	Black=1      Mistake:       	White=6     	Black=1      Inaccurate:     	---       	Black=6      OK:         	White=10    	Black=7      Best:        	---       	Black=3} 0-1